Map: Dead of Night

Players

Alebay

  • Race: Protoss Protoss
  • Spawn Location: 0:00

MattBarry

  • Race: Protoss Protoss
  • League: Gold
  • Spawn Location: 0:00

VOD

Have the link to the VOD?

Description

Time

  • Played on: Jan. 20, 2023, 8:24 p.m.
  • Length: 34:21
Show
View Real Time Build Order
Export as new Build Order

Alebay Protoss 

Build Orders:  

Get SALT Encoding   

  12  0:02  Probe (Chrono Boost)  
  13  0:16  Probe (Chrono Boost)  
  14  0:26  Pylon  
  14  0:29  Probe (Chrono Boost)  
  15  0:51  Probe (Chrono Boost)  
  15  0:53  Gateway  
  15  0:55  Forge  
  16  1:04  Probe (Chrono Boost)  
  17  1:17  Probe (Chrono Boost)  
  18  1:29  Pylon  
  18  1:30  Probe (Chrono Boost)  
  18  1:37  Assimilator  
  19  1:43  Probe (Chrono Boost)  
  20  1:57  Probe (Chrono Boost)  
  20  1:59  Legionnaire  
  24  2:10  Probe (Chrono Boost)  
  25  2:23  Probe (Chrono Boost)  
  25  2:29  Legionnaire  
  29  2:33  Assimilator  
  29  2:36  Probe (Chrono Boost)  
  30  2:40  Kaldalis' A.I. Personality  
  30  2:46  Pylon  
  30  2:49  Probe (Chrono Boost)  
  31  3:11  Legionnaire, Probe (Chrono Boost)  
  31  3:13  Cybernetics Core  
  35  3:24  Probe (Chrono Boost)  
  36  3:36  Purifier Armaments  
  36  3:37  Probe (Chrono Boost)  
  37  3:48  Pylon  
  37  3:50  Probe (Chrono Boost)  
  37  3:52  Pylon  
  37  3:57  Photon Cannon  
  38  4:03  Probe (Chrono Boost)  
  37  4:21  Probe (Chrono Boost)  
  38  4:34  Probe (Chrono Boost)  
  39  4:42  Protoss Ground Weapons Level 1  
  39  4:43  Warp Gate  
  39  4:45  Assimilator  
  39  4:47  Adept  
  39  4:49  Talis' A.I. Personality  
  42  4:50  Probe (Chrono Boost)  
  42  5:07  Photon Cannon  
  42  5:10  Photon Cannon  
  42  5:15  Probe (Chrono Boost)  
  43  5:25  Gateway  
  43  5:29  Gateway  
  44  5:32  Probe (Chrono Boost)  
  44  5:49  Probe (Chrono Boost)  
  45  6:04  Pylon  
  45  6:06  Probe (Chrono Boost)  
  45  6:08  Pylon  
  46  6:11  Pylon  
  46  6:15  Twilight Council  
  46  6:18  Robotics Facility  
  47  6:21  Robotics Facility  
  47  6:23  Probe (Chrono Boost)  
  47  6:45  Adept x2  
  51  6:57  Charge  
  51  7:03  Adept  
  53  7:22  Observation Protocol  
  53  7:30  Photon Cannon  
  53  7:31  Photon Cannon  
  53  7:38  Legionnaire x3  
  62  7:43  Psionic Projection  
  62  7:52  Protoss Ground Armor Level 1  
  62  8:11  Legionnaire  
  62  8:12  Legionnaire  
  68  8:26  Pylon  
  68  8:30  Immortal, Pylon  
  72  8:40  Empowered Blades  
  72  8:47  Immortal  
  76  9:02  Adept x2  
  76  9:07  Adept  
  79  9:26  Immortal  
  83  9:32  Adept x2  
  87  9:40  Debilitation System  
  84  9:55  Protoss Ground Weapons Level 2  
  81  10:03  Adept x3  
  81  10:05  Immortal  
  88  10:34  Pylon  
  88  10:39  Pylon  
  85  10:46  Adept x3  
  91  11:12  Photon Cannon  
  91  11:13  Photon Cannon  
  91  11:36  Immortal x2  
  96  12:01  Adept x3  
  102  12:10  Photon Cannon  
  102  12:13  Photon Cannon  
  102  12:34  Pylon  
  102  12:42  Pylon  
  102  12:44  Pylon  
  97  13:03  Protoss Ground Armor Level 2  
  97  13:13  Taldarin's A.I. Personality  
  97  13:17  Immortal x2  
  102  14:06  Adept  
  102  14:07  Adept x2  
  108  14:39  Adept  
  110  14:55  Pylon  
  110  14:57  Pylon  
  110  14:58  Pylon  
  110  15:12  Adept  
  110  15:13  Adept x2  
  116  15:32  Pylon  
  116  15:35  Protoss Shields Level 1  
  116  15:37  Pylon  
  116  15:43  Photon Cannon  
  116  15:44  Photon Cannon  
  116  15:46  Photon Cannon  
  116  15:47  Photon Cannon  
  114  16:29  Legionnaire x3  
  123  16:34  Immortal x2  
  99  17:25  Photon Cannon  
  99  17:29  Immortal, Photon Cannon  
  103  17:31  Photon Cannon  
  103  17:34  Photon Cannon, Probe (Chrono Boost)  
  100  17:48  Adept x3  
  101  17:50  Probe (Chrono Boost)  
  101  18:07  Probe (Chrono Boost)  
  102  18:22  Legionnaire x3  
  102  18:25  Immortal  
  113  18:52  Adept x3  
  103  19:33  Legionnaire x2  
  103  19:34  Legionnaire  
  100  20:15  Immortal x2  
  108  20:46  Adept  
  108  20:47  Adept x2  
  114  20:58  Protoss Ground Weapons Level 3  
  110  21:17  Adept x3  
  104  22:26  Adept x3  
  98  23:12  Adept x2  
  98  23:13  Adept  
  104  23:20  Robotics Facility  
  104  23:22  Robotics Facility  
  104  23:25  Robotics Facility  
  104  23:40  Photon Cannon  
  104  23:44  Photon Cannon  
  104  23:47  Photon Cannon  
  102  23:55  Protoss Ground Armor Level 3  
  90  24:20  Adept x3  
  84  24:44  Immortal x3  
  62  25:20  Adept  
  62  25:21  Adept x2  
  66  25:39  Immortal x3  
  78  25:46  Adept x2  
  78  25:47  Adept  
  84  26:18  Adept x2  
  84  26:19  Adept  
  90  26:34  Immortal x2  
  87  27:13  Adept x2  
  95  27:29  Immortal  
  95  27:32  Adept  
  89  27:51  Adept x2  
  87  28:07  Adept  
  87  28:19  Adept x2  
  88  28:58  Adept x3  
  72  29:24  Adept x3  
  32  30:09  Adept x3  
  30  30:41  Legionnaire x3  
  37  31:05  Legionnaire  
  37  31:06  Legionnaire x2  
  43  31:38  Legionnaire x3  
  52  32:05  Legionnaire x3  
  55  32:37  Legionnaire  
  55  32:38  Legionnaire x2  
  55  33:07  Legionnaire  
  55  33:08  Legionnaire x2  
  49  33:31  Legionnaire x2  
  49  33:32  Legionnaire  
  40  34:09  Legionnaire  
  39  34:11  Legionnaire x2  
Show
View Real Time Build Order
Export as new Build Order

MattBarry Protoss 

Build Orders:  

Get SALT Encoding   

  12  0:05  Probe (Chrono Boost)  
  13  0:18  Probe (Chrono Boost)  
  14  0:32  Probe (Chrono Boost)  
  14  0:37  Pylon  
  15  0:52  Assimilator  
  15  1:03  Probe (Chrono Boost)  
  16  1:17  Probe (Chrono Boost)  
  17  1:31  Probe (Chrono Boost)  
  18  1:45  Probe (Chrono Boost)  
  19  1:59  Probe (Chrono Boost)  
  20  2:12  Probe (Chrono Boost)  
  20  2:16  Gateway  
  21  2:30  Forge  
  21  2:34  Pylon  
  21  2:37  Probe (Chrono Boost)  
  22  2:51  Probe (Chrono Boost)  
  22  2:52  Gateway  
  23  3:05  Probe (Chrono Boost)  
  24  3:18  Probe (Chrono Boost)  
  25  3:24  Photon Cannon  
  25  3:32  Probe (Chrono Boost)  
  25  3:36  Supplicant x2  
  30  3:46  Probe (Chrono Boost)  
  30  3:48  Cybernetics Core  
  31  3:54  Photon Cannon  
  31  4:01  Pylon  
  31  4:40  Pylon  
  31  4:42  Photon Cannon  
  31  4:46  Probe (Chrono Boost)  
  32  4:54  Assimilator  
  32  4:57  Assimilator  
  33  5:00  Probe (Chrono Boost)  
  33  5:03  Supplicant x2  
  33  5:05  Supplicant x2  
  41  5:18  Warp Gate  
  41  5:28  Death Council  
  41  5:31  Supplicant x2  
  45  5:47  Pylon  
  45  5:54  Pylon  
  45  5:59  Robotics Facility  
  45  6:13  Protoss Air Weapons Level 1, Protoss Ground Weapons Level 1  
  52  6:21  Forge  
  52  6:32  Probe (Chrono Boost)  
  53  6:46  Probe (Chrono Boost)  
  54  6:58  Supplicant x2  
  59  7:00  Probe (Chrono Boost)  
  59  7:14  Probe (Chrono Boost)  
  59  7:16  Pylon  
  60  7:21  Pylon  
  60  7:26  Pylon  
  60  7:30  Pylon  
  60  7:57  Gateway  
  60  7:58  Gateway  
  60  8:01  Gateway  
  60  8:08  Supplicant x2  
  64  8:28  Slayer  
  64  8:31  Vanguard  
  68  8:45  Pylon  
  66  8:51  Photon Cannon  
  66  8:58  Probe (Chrono Boost)  
  67  9:12  Probe (Chrono Boost)  
  68  9:28  Vanguard  
  62  10:27  Supplicant x4  
  62  10:29  Supplicant x2  
  74  10:30  Supplicant x2  
  74  10:31  Supplicant x2  
  74  10:33  Protoss Shields Level 1  
  74  10:36  Vanguard  
  86  10:48  Protoss Air Weapons Level 2, Protoss Ground Weapons Level 2  
  86  10:58  Blood Shields  
  82  11:35  Robotics Facility  
  82  11:37  Robotics Facility  
  82  11:39  Slayer  
  84  11:49  Probe (Chrono Boost)  
  85  11:58  Soul Augmentation  
  85  12:06  Probe (Chrono Boost)  
  87  12:23  Probe (Chrono Boost)  
  87  12:30  Supplicant x2  
  87  12:31  Supplicant x2  
  87  12:32  Supplicant x4  
  103  13:27  Protoss Shields Level 2  
  103  13:29  Protoss Ground Armor Level 1, Protoss Air Armor Level 1  
  103  13:48  Probe (Chrono Boost)  
  102  13:57  Robotics Bay  
  94  14:04  Vanguard x2  
  94  14:05  Probe (Chrono Boost)  
  102  14:22  Probe (Chrono Boost)  
  100  15:06  Pylon  
  100  15:09  Pylon  
  96  15:32  Pylon  
  96  15:34  Pylon  
  96  15:40  Pylon  
  96  15:55  Slayer  
  96  15:56  Slayer  
  96  15:57  Wraithwalker  
  96  15:58  Wraithwalker  
  96  15:59  Vanguard  
  116  16:11  Probe (Chrono Boost)  
  117  16:25  Probe (Chrono Boost)  
  118  16:39  Probe (Chrono Boost)  
  119  16:41  Aerial Tracking  
  119  16:53  Probe (Chrono Boost)  
  118  17:38  Supplicant x2  
  118  17:39  Supplicant x2  
  122  17:40  Fusion Mortars  
  122  17:42  Vanguard  
  122  17:43  Vanguard  
  122  17:55  Pylon  
  116  18:01  Pylon  
  116  18:04  Pylon  
  116  18:07  Pylon  
  116  18:09  Pylon  
  96  18:55  Gateway  
  94  19:00  Photon Cannon  
  94  19:36  Supplicant x2  
  94  19:37  Supplicant x2  
  94  19:38  Supplicant x6  
  112  20:38  Vanguard x2  
  112  20:45  Supplicant x2  
  112  20:47  Supplicant x2  
  75  21:33  Vanguard x2  
  75  21:36  Supplicant x6  
  83  21:50  Vanguard  
  81  22:09  Supplicant x6  
  85  22:28  Vanguard  
  79  22:45  Vanguard  
  83  23:02  Supplicant x4  
  91  23:11  Vanguard  
  93  23:51  Vanguard  
  93  23:52  Vanguard  
  101  24:00  Supplicant x2  
  101  24:01  Supplicant x2  
  101  24:08  Probe (Chrono Boost)  
  110  24:22  Probe (Chrono Boost)  
  111  24:36  Probe (Chrono Boost)  
  72  25:40  Supplicant x8  
  58  25:41  Supplicant x4  
  58  25:43  Vanguard  
  68  26:21  Slayer x2  
  72  26:45  Vanguard  
  72  26:46  Vanguard  
  72  27:12  Probe (Chrono Boost)  
  72  27:25  Probe (Chrono Boost)  
  73  27:39  Probe (Chrono Boost)  
  64  27:53  Probe (Chrono Boost)  
  64  27:57  Pylon  
  64  27:59  Pylon  
  65  28:02  Pylon  
  65  28:04  Supplicant x2  
  65  28:06  Supplicant x2  
  65  28:07  Probe (Chrono Boost)  
  72  28:26  Supplicant x4  
  79  28:58  Slayer x2  
  41  30:09  Supplicant x2  
  27  30:10  Supplicant x2  
  25  30:34  Slayer x2  
  25  30:35  Slayer  
  25  30:39  Vanguard  
  17  31:47  Supplicant x2  
  21  31:52  Probe (Chrono Boost)  
  22  32:05  Probe (Chrono Boost)  
  23  32:17  Gateway  
  23  32:19  Probe (Chrono Boost)  
  24  32:33  Probe (Chrono Boost)  
  25  32:47  Probe (Chrono Boost)  
  20  32:53  Supplicant x4  
  26  33:01  Probe (Chrono Boost)  
Tags
 
Commander
AlarakFenix
League
Gold
Matchup
Co-op
Replay Pack
Multiplayer
Add a new tag
Caveats
  • Supply blocks, unpowered buildings, or Contaminate may cause inaccurate times.
  • Supply counts are checked every 10 seconds.